 Dungeon Crawl Stone Soup version 0.31-a0-7-g51783674b7 (webtiles) character file.

Game seed: 7505938991330124664

136 Aneyh the Poker (level 5, -3/33 HPs)
             Began as a Tengu Monk on May 5, 2023.
             Killed by divine providence
             ... invoked by an orc priest
              (13 damage)
             ... on level 3 of the Dungeon.
             The game lasted 00:03:15 (1949 turns).

Aneyh the Poker (Tengu Monk)                        Turns: 1949, Time: 00:03:17

Health: -3/33      AC:  3    Str: 13    XL:     5   Next: 19%
Magic:  6/6        EV: 15    Int: 11    God:
Gold:   174        SH:  0    Dex: 16    Spells: 4/4 levels left

rFire   . . .        a - +0 spear
rCold   . . .        d - orb {light}
rNeg    . . .        b - +0 robe
rPois   .            (helmet restricted)
rElec   .            (no cloak)
rCorr   .            e - +0 pair of gloves
SInv    .            (boots unavailable)
Will    .....        (no amulet)
Stlth   +            (no ring)
HPRegen 0.25/turn    (no ring)
MPRegen 0.10/turn

%: no passive effects
@: flying quickly and evasively, glowing, studying Long Blades, quick
A: beak, talons 3, nimble flight
a: no special abilities


You were on level 3 of the Dungeon.
You visited 1 branch of the dungeon, and saw 3 of its levels.

You collected 174 gold pieces.

Inventory:

Hand Weapons
 a - a +0 spear (weapon)
 p - a +3 dagger
 t - a +0 short sword of speed
 w - a +1 whip of holy wrath
Armour
 b - a +0 robe (worn)
 d - an orb of light (worn)
 e - a +0 pair of gloves (worn)
Scrolls
 g - a scroll of vulnerability {unknown}
 h - 2 scrolls of magic mapping {unknown}
 i - a scroll of noise {unknown}
 k - a scroll of enchant weapon {unknown}
 m - 3 scrolls of identify {unknown}
 o - a scroll of immolation {unknown}
 q - a scroll of teleportation {unknown}
 r - a scroll of brand weapon {unknown}
 s - 4 scrolls of amnesia {unknown}
 u - a scroll of torment {unknown}
 x - a scroll of enchant armour {unknown}
Potions
 f - a potion of attraction {unknown}
 j - 2 potions of curing {unknown}
 l - a potion of haste {unknown}
 n - 2 potions of brilliance {unknown}
 v - a potion of berserk rage {unknown}


   Skills:
 + Level 3.8 Fighting
 * Level 5.6 Polearms
 - Level 3.2 Dodging


You had 4 spell levels left.
You didn't know any spells.
Your spell library contained the following spells:

 Spells                   Type           Power      Damage    Failure   Level
 Necrotise                Necr           0%         1d4       34%         1
 Sublimation of Blood     Necr           0%         N/A       47%         2
 Wereblood                Tmut           0%         N/A       47%         2
 Inner Flame              Hex/Fire       0%         N/A       71%         3
 Vampiric Draining        Necr           0%         2d6       71%         3
 Vhi's Electric Charge    Tloc/Air       0%         N/A       71%         3
 Flame Wave               Conj/Fire      0%         2d4       98%         4
 Sticky Flame             Conj/Fire      0%         2d3       98%         4
 Agony                    Necr           0%         N/A       100%        5
 Arcjolt                  Conj/Air       0%         1d10      100%        5
 Summon Hydra             Summ           0%         N/A       100%        7
 Maxwell's Capacitive Co  Air            0%         ∞         100%        8


Dungeon Overview and Level Annotations

Branches:
Dungeon (3/15)

Altars:

Shops:
D:1 (![?


Innate Abilities, Weirdness & Mutations

You have a beak for a mouth.
You have claws for feet.
Your magical nature lets you fly swiftly and evasively.


Message History

a +0 club; a +0 mace; an orc corpse An orc wizard comes into view.
It is wielding a +0 dagger.
The orc wizard shouts!
You reach to attack!
You barely miss the orc.
An orc priest comes into view. It is wielding a +0 club.
The orc priest shouts!
You hit the orc but do no damage. You claw the orc.
The orc is severely wounded.
You hit the orc.
You kill the orc!
Things that are here:
a +0 club; a +0 mace; an orc corpse
Items here: ( )))))) [[[ †††.
The orc wizard gestures at you while chanting.
The puff of flame hits you!
The orc priest invokes the aid of Beogh against you.
Beogh smites you!
* * * LOW HITPOINT WARNING * * *
You are confused.
You feel invigorated.
The orc priest miscasts a cantrip.
The orc wizard closely misses you.
You bump into the rock wall.
The orc wizard gestures at you while chanting.
You resist with some effort.
You closely miss the orc wizard. Your kick misses the orc wizard.
You feel less invigorated.
You feel less confused.
The orc wizard hits you with a +0 dagger.
The orc priest casts a cantrip, but nothing happens.
You hit the orc wizard.
You peck the orc wizard, but do no damage.
The orc wizard is lightly wounded.
You hit the orc wizard but do no damage.
The orc wizard is lightly wounded.
The orc wizard gestures at you while chanting.
The magic dart hits you!
The orc priest calls down the wrath of Beogh upon you.
Beogh smites you!
You die...

#.# #.# #.#
###.####.#
#.#
#.).)...)#
#.#
#.#.######
#.# #.#.#
#.### #.#.#
#.... #.#.#
##### #.#.#
#.#@# #..o#
# ###o# .#
#)##.#
#####)#.#
#......#
#.....#.#)#
#.###.#..o..
# ..##.#.#


You could see an orc priest and an orc wizard.

Vanquished Creatures
  2 orc priests (D:3)
  A worm (D:3)
  A dart slug (D:3)
  10 orcs (D:3)
  8 ball pythons
  4 endoplasms
  A giant cockroach (D:2)
  3 goblins
  5 hobgoblins
  6 kobolds
  4 quokkas
  3 bats (D:2)
  9 frilled lizards
  6 rats
63 creatures vanquished.

Notes
Turn   | Place    | Note
-------+----------+-------------------------------------------
     0 | D:1      | Aneyh the Tengu Monk began the quest for the Orb.
     0 | D:1      | Reached XP level 1. HP: 14/14 MP: 2/2
    92 | D:1      | Reached XP level 2. HP: 19/19 MP: 3/3
   137 | D:1      | Found Lathav's Distillery.
   184 | D:1      | You fall into a shaft and drop 1 floor!
   253 | D:2      | Reached skill level 4 in Polearms
   398 | D:1      | Found Xymika's Weapon Shoppe.
   460 | D:1      | Found Men Cejon's Antique Armour Boutique.
   506 | D:1      | Reached XP level 3. HP: 23/23 MP: 4/4
   540 | D:1      | Found Hepaluvo's Magic Scroll Shoppe.
   708 | D:1      | Found a faded altar of an unknown god.
   995 | D:2      | Identified the +1 rapier of Disgust {pain, rElec Will+}
  1803 | D:3      | Reached XP level 4. HP: 23/28 MP: 5/5
  1830 | D:3      | Reached skill level 5 in Polearms
  1895 | D:3      | Gained mutation: Your magical nature lets you fly swiftly
                  | and evasively. [Tengu growth]
  1895 | D:3      | Reached XP level 5. HP: 13/33 MP: 6/6
  1949 | D:3      | Killed from afar by an orc priest

Illustrated notes

Levels and vault maps discovered:
D:1:      saegor_arrival_simple_e, layout_basic, serial_shops, shop,
          nicolae_shop_window_shopping, nicolae_shop_rolling_square,
          nicolae_shop_statue_plus, chequers_ecumenical_altar_grove,
          minmay_splitting_lines
D:2:      layout_basic
D:3:      layout_loops_ring

Skill      XL: |  1  2  3  4 |
---------------+-------------+-----
Polearms       | 4 5 |  5.6
Fighting       | |  3.8
Dodging        | |  3.2

Action                     |  1- 3 |  4- 6 || total
---------------------------+-------+-------++-------
  Melee: Spear             |    93 |    37 ||   130
         Kick              |    20 |    14 ||    34
         Peck              |    14 |     6 ||    20
    Use: Potion            |       |     1 ||     1
 Armour: Robe              |     5 |     1 ||     6
  Dodge: Dodged            |    16 |     8 ||    24

Table legend: (Time is in decaauts)
 A = Elapsed time spent in this place.
 B = Non-inter-level travel time spent in this place.
 C = Inter-level travel time spent in this place.
 D = Time resting spent in this place.
 E = Time spent auto-exploring this place.
 F = Levels seen in this place.
 G = Mean time per level.
                   A        B        C        D        E       F      G
               +--------+--------+--------+--------+--------+-----+--------+
         Total |   1931 |   1860 |     71 |     25 |   1527 |   3 |  643.7 |
       Dungeon |   1931 |   1860 |     71 |     25 |   1527 |   3 |  643.7 |
               +--------+--------+--------+--------+--------+-----+--------+

Top non-repeatable levels by time:
     D:1: 783 daAuts
     D:2: 685 daAuts
     D:3: 461 daAuts
